 Dungeon Sprint DCSS version 0.26-a0-652-gafc20e3620 (webtiles) character file.

Game seed: 7337335362586988291

252 sahdkjhfkaj the Destroyer (level 6, -4/36 HPs)
             Began as an Octopode Conjurer on Oct 2, 2020.
             Was a Follower of Sif Muna.
             Slain by an orc warrior
             ... wielding a +0 scimitar
              (16 damage)
             ... in the Dungeon (Sprint IX: "|||||||||||||||||||||||||||||").
             The game lasted 00:00:57 (316 turns).

sahdkjhfkaj the Destroyer (Octopode Conjurer)        Turns: 316, Time: 00:00:58

Health: -4/36      AC:  1    Str: 13      XL:     6   Next: 14%
Magic:  5/17       EV: 13    Int: 22      God:    Sif Muna [*.....]
Gold:   0          SH:  0    Dex:  8 (10) Spells: 18/21 levels left

rFire    . . .     SeeInvis .   k - +2 rapier (venom)
rCold    . . .     Faith    .   (no shield)
rNeg     . . .     Spirit   .   (helmet restricted)
rPois    .         Reflect  .   (no amulet)
rElec    .         Harm     .   l - +3 ring of strength
rCorr    .         Rampage  .   m - +3 ring of strength
MR       .....     NoTele   +   (no ring)
Stlth    +++.......             (no ring)
HPRegen  0.12/turn              (no ring)
MPRegen  0.15/turn              (no ring)
                                (no ring)
                                (no ring)

@: no status effects
A: almost no armour, stealthy swim, amphibious, 8 rings, constrict 8, camouflage
1, gelatinous body 1
a: Channel Magic, Renounce Religion


You were in the Dungeon.
You worshipped Sif Muna.
Sif Muna was aware of your devotion.
You visited 1 branch

Inventory:

Hand Weapons
 k - a +2 rapier of venom (weapon)
Jewellery
 l - a +3 ring of strength (left tentacle)
 m - a +3 ring of strength (right tentacle)
Wands
 j - a wand of iceblast (10)
Scrolls
 g - 2 scrolls of blinking
 h - 3 scrolls of remove curse
 i - 2 scrolls of amnesia
Potions
 a - a potion of invisibility
 b - 5 potions of curing
 c - 3 potions of heal wounds
 d - a potion of haste
 e - 4 potions of magic
 f - a potion of berserk rage


   Skills:
 - Level 2.0 Dodging
 - Level 2.6 Stealth
 + Level 8.2 Spellcasting
 + Level 9.6 Conjurations


You had 18 spell levels left.
You knew the following spells:

 Your Spells              Type           Power        Failure   Level
a - Magic Dart            Conj           ####         1%          1
b - Searing Ray           Conj           ######       1%          2

Your spell library contained the following spells:

 Spells                   Type           Power        Failure   Level
 Dazzling Flash           Conj/Hex       ####..       3%          3
 Fulminant Prism          Conj/Hex       ####......   10%         4
 Iskenderun's Mystic Bla  Conj/Tloc      ####....     10%         4


Dungeon Overview and Level Annotations

Branches:
Dungeon (1/1)

Altars:
Cheibriados
Dithmenos
Elyvilon
Fedhas
Gozag
Hepliaklqana
Kikubaaqudgha
Makhleb
Nemelex Xobeh
Okawaru
Qazlal
Ru
Sif Muna
Trog
Uskayaw
Vehumet
Wu Jian
Xom
Yredelemnul
Zin
The Shining One
Beogh
Jiyva
Lugonu


Innate Abilities, Weirdness & Mutations

You cannot wear most types of armour.
You are very stealthy in the water. (Stealth+)
You are amphibious.
You can wear up to eight rings at the same time.
You can use your tentacles to constrict eight enemies at once.
Your skin changes colour to match your surroundings (Stealth+).
Your rubbery body absorbs attacks. (AC +1, EV +1)


Message History

You see here a hound corpse.
There is an open door here.
You see here a +0 dagger.
There is an open door to the Dungeon here.
You see here a bat skeleton.
There is a staircase leading out of the dungeon here.
Casting: Searing Ray (safe; 1% risk of failure)
Confirm with . or Enter, or press ? or * to list all spells.
Aiming: Searing Ray (safe; 1% risk of failure)
Press: ? - help, Shift-Dir - straight line, f - orc warrior
Aim: an orc warrior, wielding a +0 scimitar and wearing a +0 plate armour (moderately wounded)
The searing ray hits the orc warrior!
The orc warrior is severely wounded. (Press . to maintain the ray.)
The orc warrior hits you with a +0 scimitar!
Unknown command.
The searing ray hits the orc warrior but does no damage.
The orc warrior is severely wounded.
The orc warrior hits you with a +0 scimitar!
You die...

▓.▓
▓.▓
▓.▓
▓)▓
▓÷▓
▓.▓
▓.▓
▓o▓
▓@▓
▓▓▓


You could see an orc warrior.

Vanquished Creatures
  A centaur (D)
  A wight (D)
  A quasit (D)
  2 hounds (D)
  A jelly (D)
  A dart slug (D)
  A leopard gecko (D)
  A bat (D)
  A giant cockroach (D)
  A goblin (D)
  A giant cockroach zombie (D)
  A kobold (D)
  A quokka zombie (D)
  A rat (D)
15 creatures vanquished.

Notes
Turn   | Place    | Note
-------+----------+-------------------------------------------
     0 | D        | sahdkjhfkaj the Octopode Conjurer began the quest for the
                  | Orb.
     0 | D        | Reached XP level 1. HP: 11/11 MP: 3/3
    12 | D        | Banished a spatial maelstrom
    53 | D        | Reached XP level 2. HP: 17/17 MP: 0/6
   113 | D        | Learned a level 2 spell: Searing Ray
   121 | D        | Reached skill level 5 in Conjurations
   122 | D        | Reached skill level 6 in Conjurations
   122 | D        | Reached XP level 3. HP: 21/21 MP: 5/9
   124 | D        | Reached skill level 5 in Spellcasting
   124 | D        | Reached XP level 4. HP: 27/27 MP: 3/11
   202 | D        | Found a roughly hewn altar of Beogh.
   202 | D        | Found a snail-covered altar of Cheibriados.
   202 | D        | Found a shadowy altar of Dithmenos.
   202 | D        | Found a white marble altar of Elyvilon.
   202 | D        | Found a blossoming altar of Fedhas.
   202 | D        | Found an opulent altar of Gozag.
   203 | D        | Found a hazy altar of Hepliaklqana.
   204 | D        | Found a viscous altar of Jiyva.
   205 | D        | Found an ancient bone altar of Kikubaaqudgha.
   206 | D        | Found a corrupted altar of Lugonu.
   207 | D        | Found a burning altar of Makhleb.
   208 | D        | Found a sparkling altar of Nemelex Xobeh.
   209 | D        | Found an iron altar of Okawaru.
   210 | D        | Found a stormy altar of Qazlal.
   211 | D        | Found a sacrificial altar of Ru.
   212 | D        | Found a shimmering blue altar of Sif Muna.
   213 | D        | Found a bloodstained altar of Trog.
   214 | D        | Found a hide-covered altar of Uskayaw.
   215 | D        | Found a radiant altar of Vehumet.
   216 | D        | Found an ornate altar of the Wu Jian Council.
   217 | D        | Found a shimmering altar of Xom.
   218 | D        | Found a basalt altar of Yredelemnul.
   219 | D        | Found a glowing silver altar of Zin.
   220 | D        | Found a glowing golden altar of the Shining One.
   222 | D        | Became a worshipper of Sif Muna the Loreminder
   253 | D        | Noticed an orc warrior
   253 | D        | Noticed a centaur
   255 | D        | Reached skill level 7 in Conjurations
   257 | D        | Killed a centaur
   257 | D        | Reached skill level 8 in Conjurations
   257 | D        | Reached XP level 5. HP: 24/31 MP: 7/14
   259 | D        | Reached * piety under Sif Muna
   259 | D        | Reached skill level 9 in Conjurations
   263 | D        | Reached XP level 6. HP: 23/36 MP: 0/17
   316 | D        | Slain by an orc warrior

Illustrated notes

Levels and vault maps discovered:
D:        linesprint [early_d, line_temple, items_1, d_10, items_2, lair_1,
          lair_end, items_3, orc_1, orc_end, items_4, d_15, swamp_1, shoals_1,
          snake_1, spider_1, d_20, vaults_1, items_5, swamp_end, shoals_end,
          snake_end, spider_end, vaults_end, d_27, items_6, zot_1, zot_end,
          crypt_end, forest_end, elf_end, slime_end, tomb_end, abyss_end,
          pan_hell_end]

Skill      XL: |  1  2  3  4  5 |
---------------+----------------+-----
Spellcasting   | 3 4 5 7 8 |  8.2
Conjurations   | 6 8 9 |  9.6
Dodging        | |  2.0
Stealth        | |  2.6

Action                   |  1- 3 |  4- 6 || total
-------------------------+-------+-------++-------
 Cast: Magic Dart        |     7 |       ||     7
       Searing Ray       |     1 |     4 ||     5
Armor: Skin              |       |     2 ||     2
Dodge: Dodged            |       |     8 ||     8

Table legend: (Time is in decaauts)
 A = Elapsed time spent in this place.
 B = Non-inter-level travel time spent in this place.
 C = Inter-level travel time spent in this place.
 D = Time resting spent in this place.
 E = Time spent auto-exploring this place.
 F = Levels seen in this place.
 G = Mean time per level.
                   A        B        C        D        E       F      G
               +--------+--------+--------+--------+--------+-----+--------+
         Total |    314 |    314 |      0 |    169 |      0 |   1 |  314.0 |
       Dungeon |    314 |    314 |      0 |    169 |      0 |   1 |  314.0 |
               +--------+--------+--------+--------+--------+-----+--------+

Top non-repeatable levels by time:
       D: 314 daAuts
